 Dungeon Sprint DCSS version 0.30-a0-920-g7493c07aab (webtiles) character file.

Game seed: 12836047337818265211

118 Atreus the Trooper (level 4, -12/47 HPs)
             Began as an Armataur Berserker on Mar 21, 2023.
             Was a Believer of Trog.
             Killed from afar by an oklob sapling priest (13 damage)
             ... with a splash of acid
             ... in the Dungeon (Sprint IV: "Fedhas' Mad Dash").
             The game lasted 00:01:31 (708 turns).

Atreus the Trooper (Armataur Berserker)              Turns: 708, Time: 00:01:32

Health: -12/47     AC:  0    Str: 25    XL:     4   Next: 72%
Magic:  4/4        EV:  9    Int:  7    God:    Trog [**....]
Gold:   53         SH:  0    Dex:  9    Spells: 3/3 levels left

rFire   . . .      SeeInvis .    i - +0 war axe
rCold   . . .      Faith    .    (no shield)
rNeg    . . .      Spirit   .    b - +0 animal skin
rPois   .          Reflect  .    (no helmet)
rElec   .          Roll     +    (no cloak)
rCorr   .          NoTele   +    (no gloves)
Will    .....                    (no barding)
Stlth   +                        j - amulet of invisibility {+Inv}
HPRegen 0.27/turn                (no ring)
MPRegen 0.09/turn                (no ring)

@: corroded, on berserk cooldown, slowed, very slow
A: large, rugged brown scales 3, deformed body, armoured tail, roll, long
tongue, awkward tongue
a: Renounce Religion, Evoke Invisibility, Berserk, Trog's Hand


You were in the Dungeon.
You worshipped Trog.
Trog was pleased with you.
You visited 1 branch You collected 53 gold pieces.

Inventory:

Hand Weapons
 a - a +0 hand axe
 i - a +0 war axe (weapon)
Armour
 b - a +0 animal skin (worn)
Jewellery
 j - the amulet of invisibility (around neck) {+Inv}
   (You found it in the Dungeon)

   [amulet of nothing]

   +Inv:      It lets you turn invisible.
Scrolls
 h - a scroll of blinking
Potions
 c - a potion of curing
 d - a potion of heal wounds
 e - a potion of haste
 f - 2 potions of magic
 g - a potion of berserk rage


   Skills:
 + Level 6.1 Fighting
 + Level 5.8 Axes
 + Level 4.4 Armour
 - Level 1.3 Dodging
 + Level 1.4 Stealth


You had 3 spell levels left.
You didn't know any spells.
Your spell library was empty.

Dungeon Overview and Level Annotations

Branches:
Dungeon (1/1)

Altars:
Cheibriados
Dithmenos
Elyvilon
Gozag
Hepliaklqana
Kikubaaqudgha
Makhleb
Nemelex Xobeh
Okawaru
Qazlal
Ru
Sif Muna
Trog
Uskayaw
Vehumet
Wu Jian
Xom
Yredelemnul
Zin
The Shining One
Jiyva
Lugonu

Annotations:
D exclusion: oklob sapling


Innate Abilities, Weirdness & Mutations

You are completely covered in rugged brown scales. (AC +3, +7% HP)
Armour fits poorly on your strangely shaped body.
You have a long armoured tail.
You roll when moving toward enemies. (Rampage)
Your long tongue fully drains potion bottles. (2x potion effects)
Your tongue gives you trouble enunciating. (1.5x scroll delay)


Message History

An oklob sapling priest comes into view.
Found three altars.
The oklob sapling priest miscasts a cantrip.
Marking area around an oklob sapling priest as unsafe for travelling.
There is an open door here.
A red film seems to cover your vision as you go berserk!
You feel yourself moving faster!
You feel mighty!
Found three altars.
You feel a strong urge to attack something.
Found two altars.
Found three altars.
You feel your anger nearly subside.
There is an opulent altar of Gozag here.
Found a corrupted altar of Lugonu and a radiant altar of Vehumet.
The oklob sapling priest invokes the aid of its god against you.
Something smites you!
Your blood rage is quickly leaving you.
There is a hazy altar of Hepliaklqana here.
The oklob sapling priest spits acid at you.
The splash of acid misses you.
You are no longer berserk.
You are exhausted.
You feel yourself slow down.
There is a viscous altar of Jiyva here.
You hit the oklob sapling priest.
The oklob sapling priest is lightly damaged.
You slash the oklob sapling priest!
The oklob sapling priest is heavily damaged.
The oklob sapling priest spits acid at you.
The splash of acid hits you! The acid corrodes you!
You hit the oklob sapling priest.
The oklob sapling priest is severely damaged.
The oklob sapling priest spits acid at you.
The splash of acid hits you!!
Ouch! That really hurt!
* * * LOW HITPOINT WARNING * * *
The acid corrodes you!
The oklob sapling priest spits acid at you.
The splash of acid hits you!
You die...

########################
...#.....#.⌠._._._._.⌠.#
...'.#.).'.._._.@._._..+
...#.#...#..._._P_._...#
#######'##.._._._._._..#
.....'...#._._._._._.⌠.#
.....#...###############
.♣..###### ###


You could see an oklob sapling priest.

Vanquished Creatures
  A scorpion (D)
  2 oklob saplings (D)
  A river rat (D)
  A rat (D)
5 creatures vanquished.

Notes
Turn   | Place    | Note
-------+----------+-------------------------------------------
     0 | D        | Atreus the Armataur Berserker began the quest for the Orb.
     0 | D        | Reached XP level 1. HP: 19/19 MP: 1/1
    11 | D        | Reached skill level 3 in Fighting
    11 | D        | Reached XP level 2. HP: 9/28 MP: 2/2
   291 | D        | Noticed an oklob sapling
   295 | D        | Killed an oklob sapling
   295 | D        | Reached ** piety under Trog
   296 | D        | Reached skill level 4 in Fighting
   296 | D        | Reached XP level 3. HP: 36/36 MP: 3/3
   346 | D        | Noticed a scorpion
   346 | D        | Found the amulet of invisibility {+Inv}
   352 | D        | Killed a scorpion
   353 | D        | Reached skill level 5 in Fighting
   353 | D        | Reached skill level 5 in Axes
   353 | D        | Reached skill level 1 in Stealth
   353 | D        | Reached XP level 4. HP: 47/47 MP: 4/4
   538 | D        | Reached skill level 6 in Fighting
   696 | D        | Found an opulent altar of Gozag.
   696 | D        | Found a hazy altar of Hepliaklqana.
   696 | D        | Found a burning altar of Makhleb.
   696 | D        | Found a sparkling altar of Nemelex Xobeh.
   696 | D        | Found a snail-covered altar of Cheibriados.
   696 | D        | Found a sacrificial altar of Ru.
   696 | D        | Found a shimmering blue altar of Sif Muna.
   696 | D        | Found a shimmering altar of Xom.
   696 | D        | Found a basalt altar of Yredelemnul.
   697 | D        | Found a viscous altar of Jiyva.
   697 | D        | Found a bloodstained altar of Trog.
   697 | D        | Found an ornate altar of the Wu Jian Council.
   699 | D        | Found an iron altar of Okawaru.
   699 | D        | Found a shadowy altar of Dithmenos.
   699 | D        | Found a glowing silver altar of Zin.
   700 | D        | Found an ancient bone altar of Kikubaaqudgha.
   700 | D        | Found a hide-covered altar of Uskayaw.
   701 | D        | Found a stormy altar of Qazlal.
   701 | D        | Found a white marble altar of Elyvilon.
   701 | D        | Found a glowing golden altar of the Shining One.
   702 | D        | Found a corrupted altar of Lugonu.
   702 | D        | Found a radiant altar of Vehumet.
   708 | D        | HP: 1/47 [oklob sapling priest/splash of acid (26)]
   708 | D        | Killed from afar by an oklob sapling priest

Illustrated notes

Levels and vault maps discovered:
D:        dungeon_sprint_fedhas [sprint_temple]

Skill      XL: |  1  2  3  4 |
---------------+-------------+-----
Fighting       | 3 4 5 6 |  6.1
Axes           | 3 4 5 |  5.8
Armour         | 3 4 |  4.4
Stealth        | 1 |  1.4
Dodging        | |  1.3

Action                     |  1- 3 |  4- 6 || total
---------------------------+-------+-------++-------
  Melee: Hand axe          |    11 |       ||    11
         Tailslap          |     2 |       ||     2
         War axe           |       |     6 ||     6
 Invoke: Berserk           |     2 |     2 ||     4
 Armour: Animal skin       |     3 |       ||     3
  Dodge: Dodged            |     3 |     1 ||     4

Table legend: (Time is in decaauts)
 A = Elapsed time spent in this place.
 B = Non-inter-level travel time spent in this place.
 C = Inter-level travel time spent in this place.
 D = Time resting spent in this place.
 E = Time spent auto-exploring this place.
 F = Levels seen in this place.
 G = Mean time per level.
                   A        B        C        D        E       F      G
               +--------+--------+--------+--------+--------+-----+--------+
         Total |    744 |    744 |      0 |    665 |      3 |   1 |  744.0 |
       Dungeon |    744 |    744 |      0 |    665 |      3 |   1 |  744.0 |
               +--------+--------+--------+--------+--------+-----+--------+

Top non-repeatable levels by time:
       D: 744 daAuts
